 Dungeon Crawl Stone Soup version 0.30-a0-2-gf48d83f5e2 (webtiles) character file.

Game seed: 145716144726189183

208 wingedge the Trooper (level 5, -3/48 HPs)
             Began as a Minotaur Fighter on Aug 20, 2022.
             Slain by an ogre
             ... wielding a +0 giant spiked club
              (23 damage)
             ... on level 4 of the Dungeon.
             The game lasted 00:07:14 (2651 turns).

wingedge the Trooper (Minotaur Fighter)             Turns: 2651, Time: 00:07:15

Health: -3/48      AC:  8    Str: 21    XL:     5   Next: 55%
Magic:  4/4        EV:  9    Int:  5    God:
Gold:   208        SH:  4    Dex: 11    Spells: 4/4 levels left

rFire   . . .      SeeInvis .    a - +0 war axe
rCold   . . .      Faith    .    c - +0 buckler
rNeg    . . .      Spirit   .    b - +0 scale mail
rPois   .          Reflect  .    (helmet restricted)
rElec   +          Harm     .    x - +0 cloak
rCorr   .          Rampage  .    (no gloves)
Will    +++..                    (no boots)
Stlth   ..........               q - amulet "Mewnaexo" {RegenMP rElec rF- Will+++ Regen+}
HPRegen 0.96/turn                p - ring of protection from cold
MPRegen 0.49/turn                m - ring of fire

@: no status effects
A: horns 2, retaliatory headbutt
a: no special abilities


You were on level 4 of the Dungeon.
You visited 1 branch of the dungeon, and saw 4 of its levels.

You collected 208 gold pieces.

Inventory:

Hand Weapons
 a - a +0 war axe (weapon)
 v - a +2 dagger of venom
Missiles
 n - 5 atropa-tipped darts (quivered)
Armour
 b - a +0 scale mail (worn)
 c - a +0 buckler (worn)
 x - a +0 cloak (worn)
Magical Staves
 f - a staff of air
Jewellery
 g - a ring of wizardry
 h - a ring of flight
 l - a +6 ring of strength
 m - a ring of fire (right hand)
 p - a ring of protection from cold (left hand)
 q - the amulet "Mewnaexo" (around neck) {RegenMP rElec rF- Will+++ Regen+}
   (You acquired it on level 3 of the Dungeon)

   [amulet of magic regeneration]

   It increases your rate of magic regeneration.
   rF:        It makes you vulnerable to fire.
   rElec:     It insulates you from electricity.
   Regen:     It increases your rate of health regeneration.
   Will:      It greatly increases your willpower.
Scrolls
 e - 2 scrolls of poison
 k - 2 scrolls of torment
 o - a scroll of magic mapping
 r - a scroll of enchant weapon
 s - 2 scrolls of noise {unknown}
 t - 3 scrolls of blinking {unknown}
 u - a scroll of teleportation {unknown}
 w - a scroll of fear {unknown}
Potions
 d - 3 potions of might
 i - a potion of mutation
 j - 2 potions of curing


   Skills:
 - Level 5.0 Fighting
 - Level 5.0 Axes
 + Level 4.7 Armour
 - Level 1.0 Dodging
 - Level 4.0 Shields


You had 4 spell levels left.
You didn't know any spells.
Your spell library contained the following spells:

 Spells                   Type           Power      Damage    Failure   Level
 Blink                    Tloc           0%         N/A       95%         2
 Lesser Beckoning         Tloc           0%         N/A       99%         3
 Manifold Assault         Tloc           0%         N/A       100%        5


Dungeon Overview and Level Annotations

Branches:
Dungeon (4/15)
 Temple: D:4-7

Altars:
Vehumet


Innate Abilities, Weirdness & Mutations

You have a pair of horns on your head.
You reflexively headbutt those who attack you in melee.


Message History

Found an escape hatch in the ceiling.
You now have 208 gold pieces (gained 15).
s - 2 scrolls labelled GACWENGISUT (gained 1)
Found a stone staircase leading up.
An endoplasm comes into view.
The endoplasm quivers.
You slash the endoplasm!
You kill the endoplasm!
A goblin comes into view. It is wielding a +0 club.
You barely miss the goblin. The goblin hits you but does no damage.
You hit the goblin.
You kill the goblin!
Things that are here:
a +0 club; a goblin corpse
Found a potion of degeneration.
You see here a potion of degeneration.
An ogre comes into view. It is wielding a +0 giant spiked club.
The ogre shouts!
Okay, then.
You don't know any spells.
Unknown command.
Throw: 6 darts (atropa)
Press: ? - help, Q - select action Shift-Dir - straight line, f - ogre
Aim: an ogre, wielding a +0 giant spiked club (73% to hit, chance to blind on hit: 27%)
You throw an atropa-tipped dart.
The atropa-tipped dart closely misses the ogre.
You slash the ogre! Your headbutt misses the ogre.
The ogre is moderately wounded.
The ogre completely misses you.
You hit the ogre.
The ogre is heavily wounded.
You block the ogre's attack.
You hit the ogre.
The ogre is severely wounded.
The ogre hits you with a +0 giant spiked club!!
Ouch! That really hurt!
You barely miss the ogre. You headbutt the ogre.
The ogre is severely wounded.
The ogre hits you with a +0 giant spiked club!!
You die...

#####.####
#..!.....#
#.###.##.#
#.# #.# #
#.# #..
#..# #.#
#### ....
#.# ####
#.######.#
#..@O(...#
##########


You could see an ogre.

Vanquished Creatures
  A necrophage (D:3)
  A gnoll (D:1)
  7 adders
  3 worms
  A dart slug (D:2)
  4 ball pythons
  5 endoplasms
  5 giant cockroaches
  7 goblins
  4 hobgoblins
  9 kobolds
  2 quokkas
  8 bats
  3 frilled lizards
  9 rats
69 creatures vanquished.

Vanquished Creatures (others)
  2 plants (D:1)
2 creatures vanquished.

Grand Total: 71 creatures vanquished

Notes
Turn   | Place    | Note
-------+----------+-------------------------------------------
     0 | D:1      | wingedge the Minotaur Fighter began the quest for the Orb.
     0 | D:1      | Reached XP level 1. HP: 19/19 MP: 0/0
    31 | D:1      | Reached XP level 2. HP: 23/27 MP: 1/1
   439 | D:1      | Reached XP level 3. HP: 33/33 MP: 2/2
   764 | D:2      | Reached skill level 5 in Fighting
   939 | D:2      | Reached XP level 4. HP: 42/42 MP: 3/3
  1220 | D:2      | Found a faded altar of an unknown god.
  1687 | D:3      | Noticed a necrophage
  1694 | D:3      | Killed a necrophage
  1695 | D:3      | Reached skill level 1 in Dodging
  1695 | D:3      | Reached skill level 5 in Axes
  1695 | D:3      | Reached XP level 5. HP: 46/48 MP: 4/4
  2079 | D:3      | Found a radiant altar of Vehumet.
  2121 | D:3      | Identified a scroll of acquirement
  2122 | D:3      | Acquired the amulet "Mewnaexo" {RegenMP rElec rF- Will+++
                  | Regen+}
  2644 | D:4      | Noticed an ogre
  2651 | D:4      | Slain by an ogre

Illustrated notes

Levels and vault maps discovered:
D:1:      erik_arrival_blinker_ship, layout_basic, corexii_hall_statues_l,
          nicolae_grassy_gnolls
D:2:      layout_basic, shapermc_ecumenical_altar_totnotflames, serial_rivers,
          chequers_serial_rivers_small_b, chequers_serial_rivers_large_a,
          chequers_serial_rivers_micro_c, chequers_serial_rivers_small_b
D:3:      minmay_razor_zed, layout_loops_corners, mainiacjoe_overflow_brackets
D:4:      layout_loops_corners, lemuel_round_altar

Skill      XL: |  1  2  3  4 |
---------------+-------------+-----
Fighting       | 4 5 |  5.0
Armour         | 4 |  4.7
Shields        | 4 |  4.0
Axes           | 3 5 |  5.0
Dodging        | 1 |  1.0

Action                   |  1- 3 |  4- 6 || total
-------------------------+-------+-------++-------
Melee: War axe           |    60 |    78 ||   138
       Headbutt          |     9 |    13 ||    22
Throw: Dart              |       |     1 ||     1
  Use: Scroll            |       |     9 ||     9
Armor: Scale mail        |    32 |    26 ||    58
Dodge: Dodged            |    42 |    36 ||    78
Block: Buckler           |    19 |    23 ||    42

Table legend: (Time is in decaauts)
 A = Elapsed time spent in this place.
 B = Non-inter-level travel time spent in this place.
 C = Inter-level travel time spent in this place.
 D = Time resting spent in this place.
 E = Time spent auto-exploring this place.
 F = Levels seen in this place.
 G = Mean time per level.
                   A        B        C        D        E       F      G
               +--------+--------+--------+--------+--------+-----+--------+
         Total |   2702 |   2671 |     31 |    200 |   1883 |   4 |  675.5 |
       Dungeon |   2702 |   2671 |     31 |    200 |   1883 |   4 |  675.5 |
               +--------+--------+--------+--------+--------+-----+--------+

Top non-repeatable levels by time:
     D:3: 1046 daAuts
     D:2: 812 daAuts
     D:1: 724 daAuts
     D:4: 119 daAuts
